 Dungeon Crawl Stone Soup version 0.16-a0-2063-g87d9768 (webtiles) character file.

224 Sixotanaka the Sneak (level 6, -1/39 HPs)
             Began as an Octopode Assassin on Nov 14, 2014.
             Killed from afar by an orc wizard (6 damage)
             ... with a puff of flame
             ... on level 3 of the Dungeon.
             The game lasted 00:09:30 (2863 turns).

Sixotanaka the Sneak (Octopode Assassin)            Turns: 2863, Time: 00:09:30

Health: -1/39      AC:  1    Str: 10    XL:     6   Next: 0%
Magic:  6/6        EV: 11    Int: 14    God:
Gold:   137        SH:  0    Dex: 15    Spells: 0 memorised, 5 levels left

rFire  . . .     SeeInvis .     b - +0 blowgun
rCold  . . .     Clarity  .     (no shield)
rNeg   . . .     SustAb   .     (helmet restricted)
rPois  .         Gourm    .     (no amulet)
rElec  .         Spirit   .     (no ring)
rCorr  .         Warding  .     (no ring)
rMut   .         Stasis   .     (no ring)
MR     .....                    (no ring)
Stlth  +++++.....               (no ring)
                                (no ring)
                                (no ring)
                                (no ring)

@: drained, not resistant to hostile enchantments, quite stealthy
A: almost no armour, amphibious, 8 rings, constrict 8, camouflage 1, gelatinous
body 1
a: no special abilities


You were on level 3 of the Dungeon.
You were not hungry.

You visited 1 branch of the dungeon, and saw 3 of its levels.

You collected 137 gold pieces.


Innate Abilities, Weirdness & Mutations

You cannot wear most types of armour.
You are amphibious.
You can wear up to eight rings at the same time.
You can use your tentacles to constrict many enemies at once.
Your skin changes colour to match your surroundings (Stealth).
Your rubbery body absorbs attacks (AC +1).


   Skills:
 - Level 2.0(1.3) Fighting
 - Level 5.0(4.2) Short Blades
 - Level 2.0(1.3) Throwing
 - Level 1.0(0.3) Dodging
 + Level 7.2(6.4) Stealth


You had 5 spell levels left.
You didn't know any spells.

Dungeon Overview and Level Annotations

Branches:
Dungeon (3/15)

Altars:

Inventory:

Hand weapons
 a - a +2 dagger
 b - a +0 blowgun (weapon)
Missiles
 e - 13 poisoned needles (quivered)
 h - 39 stones
Scrolls
 d - a scroll of identify {unknown}
 i - 2 scrolls of enchant weapon {unknown}
 o - a scroll of remove curse {unknown}
 q - a scroll of fog {unknown}
 s - a scroll of fear {unknown}
 t - 3 scrolls of enchant armour {unknown}
 u - a scroll of recharging {unknown}
Potions
 c - a potion of invisibility {unknown}
 j - a potion of might {unknown}
 k - a potion of curing {unknown}
 l - 2 potions of heal wounds {unknown}
 n - a potion of brilliance {unknown}
 p - 2 potions of magic {unknown}
Comestibles
 g - 3 bread rations
 m - a beef jerky
 r - a meat ration

.........#####'#..........#......
.#####.......#)...........#......
..............).........###......
........................# #.....(
#................###....# #......
#................###....###......
#...........................<....
.#####....)..o).........#........
.#####........o.@................
.................................
.........#.##....................
#........#.#....................)
#..........#...#.................
#..........#...#.........###....#
......o....#...#.........# #....#
........(..#####.#.....### #...)#
.......#.#.............# ##.....


You could see 2 orcs.


Message History

The helpless rat fails to defend itself.
You stick the rat like a pincushion!!!
You kill the rat!
No target in view!
No target in view! 3 orcs and an orc wizard come into view.
The orc shouts! x3
The orc wizard shouts!
You hit the orc but do no damage. The orc hits you with a dagger.
b - a +0 blowgun (weapon)
Firing (i - inventory. (,) - cycle):
e - 17 poisoned needles (quivered)
Press: ? - help, Shift-Dir - straight line, f - orc
Aim: an orc, wielding a dagger and wearing a scale mail You shoot a poisoned needle.
The poisoned needle hits the orc!
The orc is poisoned.
The orc misses you.
The orc wizard looks braver.
Firing (i - inventory. (,) - cycle):
e - 16 poisoned needles (quivered)
Press: ? - help, Shift-Dir - straight line, f/p - orc
Aim: an orc, wielding a dagger and wearing a scale mail (poisoned)
You shoot a poisoned needle. The poisoned needle hits the orc!
The orc looks even sicker.
The orc hits you with a dagger.
The orc wizard mumbles some strange words.
The orc wizard flickers and vanishes!
Deactivating autopickup; reactivate with Ctrl-A.
You kill the orc!
Firing (i - inventory. (,) - cycle):
e - 15 poisoned needles (quivered)
Press: ? - help, Shift-Dir - straight line, f - orc
Aim: an orc, wielding a glowing hand axe You shoot a poisoned needle.
The poisoned needle completely misses the orc.
Firing (i - inventory. (,) - cycle):
e - 14 poisoned needles (quivered)
Press: ? - help, Shift-Dir - straight line, f - orc, p - orc
Aim: an orc, wielding a hand axe You shoot a poisoned needle.
The poisoned needle closely misses the orc.
The poisoned needle hits the orc!
The orc is poisoned.
The orc hits you with a glowing hand axe.
You are electrocuted!
Ouch! That really hurt!
* * * LOW HITPOINT WARNING * * *
There is a stone staircase leading up here.
There is an open door here.
There is an open door here.
You kill the orc!
You have reached level 6!
Your experience leads to an increase in your attributes!
Increase (S)trength, (I)ntelligence, or (D)exterity?
You feel agile.
There is an open door here.
You feel drained.
Unknown command.
Something hits you.
* * * LOW HITPOINT WARNING * * *
You feel drained.
You see here a dagger.
Something hits you.
* * * LOW HITPOINT WARNING * * *
You feel drained.
* * * LOW HITPOINT WARNING * * *
Drink which item? (? for menu, Esc to quit)
Okay, then.
Read which item? (? for menu, Esc to quit)
Okay, then.
Fire/throw which item? (* to show all) (? for menu, Esc to quit)
Press: ? - help, Shift-Dir - straight line, f/p - orc
Aim: an orc, wielding a hand axe You shoot a curare-tipped needle.
A puff of flame appears from out of thin air!
The puff of flame misses the orc.
The puff of flame hits you!
You die...

Action                   |  1- 3 |  4- 6 || total
-------------------------+-------+-------++-------
Melee: Dagger            |    55 |    72 ||   127
 Fire: Blowgun           |    10 |    55 ||    65
Throw: Stone             |       |     3 ||     3
 Stab: Sleeping          |    11 |    11 ||    22
       Distracted        |       |     2 ||     2
  Eat: Chunk             |       |     6 ||     6

Vault maps used:
D:1:      sevenhm_arrival_forest_fort_large_3
D:2:      first_bread, minmay_hedge_maze

Notes
Turn   | Place    | Note
--------------------------------------------------------------
     0 | D:1      | Sixotanaka, the Octopode Assassin, began the quest for the Orb.
     0 | D:1      | Reached XP level 1. HP: 14/14 MP: 1/1
   261 | D:1      | Reached XP level 2. HP: 17/19 MP: 2/2
   730 | D:2      | Reached skill level 3 in Short Blades
   771 | D:2      | Reached XP level 3. HP: 18/24 MP: 3/3
  1052 | D:2      | Reached skill level 4 in Short Blades
  1113 | D:2      | Reached XP level 4. HP: 26/29 MP: 4/4
  1757 | D:3      | HP: 6/29 [jackal (2)]
  1762 | D:3      | HP: 6/29 [jackal (1)]
  1942 | D:3      | Reached XP level 5. HP: 23/34 MP: 5/5
  2135 | D:3      | Reached skill level 6 in Stealth
  2274 | D:3      | Reached skill level 5 in Short Blades
  2283 | D:3      | zzxc: op
  2286 | D:3      | zzxc: op op
  2286 | D:3      | Sixotanaka: yeah
  2286 | D:3      | Sixotanaka: vex chose combo
  2379 | D:3      | zzxc: and proceeds to not view
  2382 | D:3      | Sixotanaka: i think he's watching
  2382 | D:3      | Sixotanaka: it doesn't say if he's not signed in
  2382 | D:3      | Sixotanaka: or something
  2508 | D:3      | Reached skill level 7 in Stealth
  2833 | D:3      | HP: 5/34 [orc/glowing hand axe (18)]
  2844 | D:3      | Reached XP level 6. HP: 8/39 MP: 6/6
  2859 | D:3      | HP: 9/39 [something (1)]
  2863 | D:3      | Killed from afar by an orc wizard

Vanquished Creatures
  6 adders
  7 gnolls (D:3)
  2 worms
  A giant gecko (D:3)
  An ooze (D:2)
  4 orcs (D:3)
  2 ball pythons (D:3)
  5 giant cockroaches
  7 goblins
  9 hobgoblins
  6 jackals (D:3)
  11 kobolds
  3 quokkas (D:2)
  13 bats
  3 giant newts
  6 rats
86 creatures vanquished.
